Cogmind - Beta 14 @@@ ROGUE MODE // 2025.01.14 @ 00:08:53 Player: m00selord Result: Destroyed by 3O-C7M(R) with Subdweller Shrapnel Launcher Performance ------------- Evolutions (0) 0 Regions Visited (3) 600 Robots Destroyed (21) 105 Value Destroyed (529) 529 Prototype IDs (0) 0 Alien Tech Used (0) 0 Bonus (-49) -49 TOTAL SCORE: 1185 Bonus ------- Friendly Fire -49 Cogmind --------- Core Integrity 0/250 Matter 295/300 Energy 100/100 System Corruption 13% Temperature Cool (0) Movement Core (50) Location -10/Subcaves Parts ------- > --- POWER (1) -------- (None) > --- PROPULSION (2) --- (None) > --- UTILITY (2) ------ (None) > --- WEAPON (2) ------- (None) > --- INVENTORY (5) ---- Heat Sink Tractor Beam Mining Claw Scrap Shield Fragment (50) Scrap Shield Fragment (45) Peak State ------------ > --- POWER ------------ Neutrino Core > --- PROPULSION ------- Light Treads > --- UTILITY ---------- Small Storage Unit > --- WEAPON ----------- Battle Rifle Battle Cannon > --- INVENTORY -------- Heat Sink Tractor Beam EM Pulse Gun Light Assault Rifle Light Cannon Mining Claw Scrap Shield Fragment Scrap Shield Fragment [Rating: 13] Favorites ----------- Power Ion Engine Engine Ion Engine Power Core Neutrino Core Propulsion Aluminum Leg Treads Light Treads Leg Aluminum Leg Utility Small Storage Unit Device Structural Scanner Storage Small Storage Unit Processor Signal Interpreter Weapon Light Cannon Energy Gun EM Pulse Gun Ballistic Gun Battle Rifle Ballistic Cannon Light Cannon Launcher Grenade Launcher Special Weapon Mining Laser Slashing Weapon Mining Claw Build | -11 -10 -10 -10 ------- Run | Yrd Mat Min Sub Slots Evolved . | . . . . Power . | . . . . Propulsion . | . . . . Utility . | . . . . Weapon . | . . . . Parts Attached 28 | 6 8 8 6 Power 5 | 1 1 2 1 Engine 4 | 1 1 2 . Core 1 | . . . 1 Reactor . | . . . . Propulsion 3 | 2 . 1 . Treads 1 | . . 1 . Leg 2 | 2 . . . Wheel . | . . . . Hover . | . . . . Flight . | . . . . Utility 4 | 1 2 1 . Device 1 | . . 1 . Storage 1 | 1 . . . Processor 2 | . 2 . . Hackware . | . . . . Protection . | . . . . Artifact . | . . . . Weapon 16 | 2 5 4 5 Energy Gun 3 | 2 1 . . Energy Cannon . | . . . . Ballistic Gun 4 | . 1 1 2 Ballistic Cannon 2 | . . 1 1 Launcher 3 | . 1 1 1 Special Weapon 1 | . 1 . . Impact Weapon . | . . . . Slashing Weapon 3 | . 1 1 1 Piercing Weapon . | . . . . Special Melee Weapon . | . . . . Unidentified Prototypes . | . . . . Parts Lost 13 | . . 6 7 Power 2 | . . 1 1 Propulsion 3 | . . 2 1 Utility 2 | . . 1 1 Weapon 6 | . . 2 4 Highest Loss Streak 6 | . . 6 3 To Critical Strikes . | . . . . Average Slot Usage (%) 80 | . 90 89 71 Engine 9 | . 14 12 5 Core 4 | . . . 8 Treads 7 | . . 4 13 Leg 11 | . 28 18 . Device 1 | . . 3 2 Storage 14 | . 14 14 14 Processor 2 | . 4 8 . Energy Gun 6 | . 15 8 . Ballistic Gun 9 | . 4 12 11 Ballistic Cannon 7 | . . 3 13 Launcher 2 | . 5 1 . Slashing Weapon 1 | . . . 2 Peak Build Rating 13 | 6 7 7 13 Average Rating 7 | 2 6 6 9 On Entrance 4 | . 6 7 6 Naked Turns . | . . . . Heaviest Build 24 | 12 15 16 24 Greatest Support 20 | 20 20 20 20 Greatest Overweight (x) 3 | 1 . 1 3 Average Overweight (x) . | . . . . Largest Inventory Capacity 8 | 8 8 8 8 Average Capacity 7 | 7 8 8 7 Most Carried 8 | 7 8 8 8 Average Carried 6 | 4 5 7 7 Final Capacity 8 | 8 8 8 5 Final Carried 7 | 2 7 5 5 Class Distribution -------------------- 100% | Mutant Dominant Class ---------------- Mutant | -10/Materials Mutant | -10/Mines Mutant | -10/Subcaves Resources | -11 -10 -10 -10 ----------- Run | Yrd Mat Min Sub Matter Collected 900 | 258 132 142 368 Remotely . | . . . . Salvage Created 455 | . 236 82 137 Parts 34 | . 18 8 8 Haulers Intercepted . | . . . . Recyclers Shooed . | . . . . Parts Field Recycled . | . . . . Retrieved Matter . | . . . . Parts Self-Destructed 6 | . . . 6 Prevented . | . . . . Kills | -11 -10 -10 -10 ------- Run | Yrd Mat Min Sub Combat Hostiles Destroyed 20 | . 9 7 4 Guns 11 | . 5 5 1 Cannons 2 | . . . 2 AOE 7 | . 4 2 1 Classes Destroyed 7 | . 4 1 2 Builder 1 | . 1 . . Watcher 2 | . 2 . . Swarmer 8 | . 3 5 . Grunt 6 | . 6 . . Sentry 1 | . . . 1 Subdweller 3 | . . . 3 Assembled 2 | . . 2 . Best Kill Streak 5 | . 5 3 1 Combat Bots Only 3 | . 3 3 1 Max Kills in Single Turn 2 | . 2 2 1 Gunslinging 1 | . . 1 . Exploded 1 | . 1 1 1 Melee . | . . . . Uniques/NPCs Destroyed . | . . . . Combat | -11 -10 -10 -10 -------- Run | Yrd Mat Min Sub Hostile Shots Fired 115 | . 36 42 37 Missed 37 | . 20 12 5 Damage Taken 1540 | . 185 506 849 Core 279 | . 21 99 159 Absorbed by Shields . | . . . . Core Remaining (%) 100 | 100 . . . Volleys Fired 76 | . 33 15 28 Largest 2 | . 2 2 2 Hottest 100 | . 100 60 64 Shots Fired 121 | . 52 23 46 Gun 74 | . 39 17 18 Cannon 24 | . . . 24 Launcher 20 | . 10 6 4 Special 3 | . 3 . . Kinetic 57 | . 6 9 42 Thermal 3 | . 3 . . Explosive 20 | . 10 6 4 Electromagnetic 41 | . 33 8 . Robot Hit Streak 7 | . 5 5 7 Robot Miss Streak 4 | . 4 2 3 Penetration Max . | . . . . Secondary Targets 4 | . 2 2 . Max Gunslinging Chain 1 | . 1 1 . Shots Hit Robots 65 | . 24 12 29 Core Hits 50 | . 22 17 11 Critical Kills . | . . . . Critical Parts Destroyed . | . . . . Critical Strikes 2 | . . 1 1 Blast 1 | . . . 1 Corrupt 1 | . . 1 . Melee Attacks 3 | . . 1 2 Impact . | . . . . Slashing 3 | . . 1 2 Piercing . | . . . . Sneak Attacks . | . . . . Combat Hostiles . | . . . . Follow-up Attacks . | . . . . Damage Inflicted 1941 | . 708 439 794 Guns 576 | . 250 105 221 Cannons 296 | . . . 296 Explosions 1063 | . 458 328 277 Melee . | . . . . Ramming 6 | . . 6 . Kinetic 599 | . 28 54 517 Thermal . | . . . . Explosive 1063 | . 458 328 277 Electromagnetic 273 | . 222 51 . Impact . | . . . . Slashing . | . . . . Piercing . | . . . . Highest Corruption 13 | . . 13 13 Average Corruption 12 | . . 11 13 Corruption Purged . | . . . . Corruption Blocked . | . . . . Effects 53 | . . 6 47 Message Errors 10 | . . . 10 Matter Fused 15 | . . 2 13 Heat Flow Errors 6 | . . 1 5 Energy Discharges 9 | . . 1 8 Parts Rejected 1 | . . . 1 Parts Fused 1 | . . 1 . Data Loss (minor) 8 | . . 1 7 Misfires 1 | . . . 1 Alerts 1 | . . . 1 Weapon Failures 1 | . . . 1 Overload Shots . | . . . . Overflow Damage 8 | . . 8 . Projectiles . | . . . . Explosions 8 | . . 8 . Melee . | . . . . Knockbacks 4 | . . . 4 Impact . | . . . . Kinetic 4 | . . . 4 Secondary . | . . . . Self-Inflicted Damage 64 | . 23 40 1 Shots 3 | . 1 1 1 Rammed . | . . . . Targets Rammed 2 | . 1 1 . Kicked 2 | . 1 1 . Crushed . | . . . . Highest Temperature 239 | . 54 203 239 Average Temperature 43 | . 20 47 100 Received Heat Transfer 183 | . 66 48 69 Siege Activations . | . . . . Robots Corrupted . | . . . . Combat Hostiles . | . . . . Parts Fried 1 | . 1 . . Impact Corruptions . | . . . . Robots Melted . | . . . . Combat Hostiles . | . . . . Parts Melted . | . . . . Heat Transferred . | . . . . Parts Sabotaged . | . . . . Parts Stolen . | . . . . Parts Stripped . | . . . . Power Chain Reactions . | . . . . Alert | -11 -10 -10 -10 ------- Run | Yrd Mat Min Sub Peak Influence 257 | . 257 222 . Initial 96 | . . 96 . Average 161 | . 176 175 . Maximum Alert Level 1 | . 1 1 . Low Security (%) 60 | 100 43 83 . Level 1 40 | . 56 16 . Level 2 . | . . . . Level 3 . | . . . . Level 4 . | . . . . Level 5 . | . . . . High Security . | . . . . Max Security . | . . . . Squads Dispatched 2 | . 2 . . Investigation 2 | . 2 . . Extermination . | . . . . Reinforcement . | . . . . Assault . | . . . . Garrison . | . . . . Intercept . | . . . . Searches Triggered . | . . . . Construction Impeded . | . . . . Haulers Reinforced . | . . . . Active Scanning Responses . | . . . . Cargo Convoy Interrupts . | . . . . Stealth | -11 -10 -10 -10 --------- Run | Yrd Mat Min Sub Distress Signals 2 | . 1 1 . Communications Jammed . | . . . . Distress Signals . | . . . . Times Spotted 49 | . 18 15 16 Peak Tracking Total 9 | . 5 9 5 Tactical Retreats 6 | . 4 2 . Traps | -11 -10 -10 -10 ------- Run | Yrd Mat Min Sub Traps Triggered 2 | . 2 . . Indirectly . | . . . . Trap Hack Attempts . | . . . . Triggered . | . . . . Disarmed . | . . . . Reprogrammed . | . . . . Reused . | . . . . Traps Extracted . | . . . . Installed . | . . . . Triggered . | . . . . Machines | -11 -10 -10 -10 ---------- Run | Yrd Mat Min Sub Machines Disabled 3 | . 3 . . Max in Single Turn 2 | . 2 . . Machines Repaired . | . . . . Machines Dismantled . | . . . . Machines Sabotaged . | . . . . Overloaded Fab Kills . | . . . . Hacking | -11 -10 -10 -10 --------- Run | Yrd Mat Min Sub Machines Accessed 3 | . 3 . . Terminals 3 | . 3 . . Fabricators . | . . . . Repair Stations . | . . . . Recycling Units . | . . . . Scanalyzers . | . . . . Garrison Access . | . . . . Total Hacks 3 | . 3 . . Successful 2 | . 2 . . Failed 1 | . 1 . . Catastrophic . | . . . . Database Lockouts . | . . . . Manual . | . . . . Terminals 3 | . 3 . . Fabricators . | . . . . Repair Stations . | . . . . Recycling Units . | . . . . Scanalyzers . | . . . . Garrison Access . | . . . . Terminal Hacks 2 | . 2 . . Alert Level 1 | . 1 . . Hauler Manifests 1 | . 1 . . Fabricator Hacks . | . . . . Repair Station Hacks . | . . . . Recycling Unit Hacks . | . . . . Scanalyzer . | . . . . Garrison Access Hacks . | . . . . Unauthorized Hacks . | . . . . Terminals . | . . . . Fabricators . | . . . . Repair Stations . | . . . . Recycling Units . | . . . . Scanalyzers . | . . . . Garrison Access . | . . . . Data Cores Recovered . | . . . . Used . | . . . . Hacking Detections 2 | . 2 . . Full Trace Events . | . . . . Feedback Events . | . . . . Feedback Blocked . | . . . . Robot Schematics Acquired . | . . . . Robots Built . | . . . . Authchips . | . . . . Time . | . . . . Total Robot Build Rating . | . . . . Part Schematics Acquired . | . . . . Parts Built . | . . . . Authchips . | . . . . Time . | . . . . Total Part Build Rating . | . . . . Parts Repaired . | . . . . Time . | . . . . Parts Recycled . | . . . . Recycled Matter . | . . . . Retrieved Matter . | . . . . Retrieved Components . | . . . . Parts Scanalyzed . | . . . . Part Schematics Acquired . | . . . . Parts Damaged . | . . . . Bothacking | -11 -10 -10 -10 ------------ Run | Yrd Mat Min Sub Used RIF Installer . | . . . . Robots Hacked . | . . . . Non-combat . | . . . . Combat . | . . . . Robot Hacks Applied . | . . . . Relay Couplers Released . | . . . . Fabnet Peak Effective % . | . . . . Robots Rewired . | . . . . Allies Hacked . | . . . . Hacks Repelled . | . . . . Allies | -11 -10 -10 -10 -------- Run | Yrd Mat Min Sub Total Allies . | . . . . Largest Group . | . . . . Highest-Rated Group . | . . . . Highest-Rated Ally . | . . . . Total Orders . | . . . . Ally Attacks . | . . . . Total Damage . | . . . . Kills . | . . . . Allies Corrupted . | . . . . Allies Melted . | . . . . Intel | -11 -10 -10 -10 ------- Run | Yrd Mat Min Sub Robot Analysis Total . | . . . . Derelict Logs Recovered 1 | . . 1 . Drone Launches . | . . . . Drone Recoveries . | . . . . Exploration | -11 -10 -10 -10 ------------- Run | Yrd Mat Min Sub Turns Passed 2445 | 99 744 362 1240 Spaces Moved 1303 | 52 511 237 503 Core 78 | 44 . 8 26 Treads 539 | . . 62 477 Legs 686 | 8 511 167 . Wheels . | . . . . Hover . | . . . . Flight . | . . . . Fastest Speed 50 | 50 120 100 100 Average Speed 151 | 97 120 129 199 Slowest Speed 240 | 120 120 160 240 Overloaded Moves . | . . . . Propulsion Burnouts . | . . . . Robots Hopped . | . . . . Cave-ins Triggered . | . . . . Exploration Rate (%) 35 | 4 59 48 31 Regions Visited 3 Branch Regions 2 Pre-discovered Areas . | . . . . Known Exits Taken 1 | . 1 . . Unknown Exits Taken 2 | 1 . 1 . Scrap Searched 1 | . . 1 . Spaces Dug 3 | . 3 . . Terrain Destroyed 79 | . 43 13 23 Melee . | . . . . Projectile 4 | . 3 . 1 AOE 75 | . 40 13 22 Terrain Rammed . | . . . . Walls Destroyed . | . . . . Machines Disabled . | . . . . Actions | -11 -10 -10 -10 --------- Run | Yrd Mat Min Sub Total 1642 | 100 583 267 692 Wait 203 | 35 19 3 146 Move 1300 | 51 510 236 503 Hop . | . . . . Pick Up 24 | 8 9 2 5 Fast Attach 5 | . 1 2 2 Attach 12 | 6 1 4 1 Detach . | . . . . Swap 11 | . 6 2 3 Drop 6 | . 3 1 2 Fire 76 | . 33 15 28 Melee 3 | . . 1 2 Ram . | . . . . Kick 2 | . 1 1 . Crush . | . . . . Escape Stasis . | . . . . Rewire . | . . . . Trap . | . . . . Miscellaneous . | . . . . Route ------- -11/Scrapyard -10/Materials (discovered 2 exits: *Mat / *Min) -10/Mines -10/Subcaves History --------- Turn | Location | Event 19 | -11/Scrapyard | Discovered new exit (range 15) 100 | -11/Scrapyard | Entered Materials 327 | -10/Materials | Build established: Mutant 333 | -10/Materials | Discovered new exit (range 8) 390 | -10/Materials | Discovered new exit (range 11) 697 | -10/Materials | Identified exit to Materials 843 | -10/Materials | Identified exit to Mines 844 | -10/Materials | Entered Mines 883 | -10/Mines | Learned Materials garrison access intel 1038 | -10/Mines | Assembled infested the area 1085 | -10/Mines | System corruption reached 10% 1121 | -10/Mines | Lost 6 parts (1p2n1u2w) 1186 | -10/Mines | Discovered new exit (range 10) 1206 | -10/Mines | Entered Subcaves 1325 | -10/Subcaves | Shifting Twisted Machinery released Battle Rifle 1372 | -10/Subcaves | Shifting Twisted Machinery released Battle Cannon 1409 | -10/Subcaves | Shifting Twisted Machinery released Sub. Monowheel 1413 | -10/Subcaves | Ambushed by swarm of Subdwellers 1413 | -10/Subcaves | Ambushed by Subdwellers from Twisted Machinery 1413 | -10/Subcaves | Ambushed by Subdwellers from Twisted Machinery 1414 | -10/Subcaves | Core integrity fell below 50% 1422 | -10/Subcaves | Ambushed by Subdwellers from Twisted Machinery 2378 | -10/Subcaves | Core integrity fell below 20% 2404 | -10/Subcaves | Lost 3 parts (1p1n1w) 2446 | -10/Subcaves | Destroyed by 3O-C7M(R) with Subdweller Shrapnel Launcher Last Messages --------------- 02382_ K4-QXI(R) destroyed. 02384_ Acquired 46 matter. 02387_ System corrupted: Matter fused (-8). 02387_ Acquired Battle Rifle. 02392_ Acquired 23 matter. 02394_ Acquired 5 matter. 02398_ Acquired 1 matter. 02407_ WNH&QTW|Y9C 3| =LIES1OPBNV# 02410_ PG-JWE(R) Disposable Heat Sink blasted off. 02413_ PG-JWE(R) knocked back. 02416_ PG-JWE(R) destroyed. 02426_ System corrupted: Component data lost. 02427_ Acquired 30 matter. 02440_ Sml. Storage Unit destroyed. 02443_ System corrupted: Matter fused (-7). 02443_ 3O-C7M(R) affixes Scrap Shield Fragment to Scrap Shield. 02444_ Battle Rifle destroyed. 02446_ Battle Cannon destroyed. Map ----- +----------------------------------------------------+ | ?????????????????????????????????????????????????? | | ?????????????????????????????????????????????????? | | ?????????????????????????????????????????????????? | | ?????????????????????????????????????????????????? | | ?????????????????????????????????????????????????? | | ?????????????????????????????????????????????????? | | ?????????????????????????????????????????????????? | | ?????????????????????????????????????????????????? | | ?????????????????????????????????????????????????? | | ?????????????????????????????????????????????????? | | ?????????????????????????????????????????????????? | | ?????????????????????????????????????????????????? | | ?????????????????????????????????????????????????? | | ?????????????????????????????????????????????????? | | ?????????????? ???? ????????????????????????????? | | ?????????????? ? ???????????????????????????? | | ??????????????? ""???????????????????????????? | | ???????????????? "" ??????????????????????????? | | ????????????????? "" ??????????????????????????? | | ?????????????????? " #??##?????????????????????? | | ???????????????????# ## ####??????????????????? | | ????????????????????# ;; ###????????????????? | | ???????????????????## ; ##???????????????? | | ???????????????????#" #???????????????? | | ????????????????????# [ [ ##???????????????? | | ????????????????????## R@ ] ##??????????????? | | ?????????????????????# #??????????????? | | ???????????????????#?# ##??????????????? | | ??????????????????? ## #???????????????? | | ??????????????????## ##; ; #???????????????? | | ??????????????????# #### ####???????????????? | | ?????????????????### #??## #??????????????????? | | ?????????????????? ##??# ###??##??????????????? | | ??????????????????## #?## ##### #??????????????? | | ??????????????????## #### ### ########???????? | | ??????????????????# # ########???????? | | ??????????????????## "" ###""""##???????? | | ???????????????????# ! ##"""""##???????? | | ???????????????????# # # " ## "" "##????????? | | ???????????????????####### ###" ##????????? | | ????????????????????????# #### ##????????? | | ????????????????????????## ###" ###????????? | | ????????????????????????## """ " ####???????? | | ?????????????????????????#### "" %" """###???????? | | ???????????????????????????### ##= """ ##???????? | | ???????????????????????????#######&"""""##???????? | | ????????????????????????????#####&%&"""###???????? | | ???????????????????????????######!&" "####???????? | | ??????????????????????????####### ###????????? | | ?????????????????????????#### ## ##????????? | +----------------------------------------------------+ Best States ------------- Heat Dissipation 25 Energy Generation 19 Energy Capacity 315 Matter Stores 300 Matter Capacity 300 Sight Range 16 Terrain Scan Density 10 Evasion (%) 55 Targeting Accuracy 5 Recoil Reduction 1 Item Schematics ----------------- None Robot Schematics ------------------ None Fabricated ------------ Nothing Alien Tech Used ----------------- None Achievements -------------- I Survived The Infestation Shopping List System Compromised Challenges ------------ None Game ------ Seed GhostWeldingDrivehammer Manual? 0 Play Time 00:34:23 Cumulative 5.5 hours Start 2025.01.13 @ 23:34:07 End 2025.01.14 @ 00:08:53 Sessions 1 Manual Loads 0 Difficulty Rogue Special Mode None Game No. 5 Rogue 4 Adventurer 0 Explorer 1 Win Type - Total 0 Types 0/0/0/0/0/0/0/0/0 Lore% 0 Gallery% 9 Achievement% 11 Wizard Run 0 Options --------- Layout 1 ASCII 0 Keyboard 0 Movement Mouse Keybinds 0 Fullscreen 1 Font 32/SmallcapsGlow Map View 50x35 Zoom Use 0% Tactical HUD 1 Map Filters NONE Filters NONE Steam 1 RUN: 30b31d25-3744-4485-a7e0-9bd38f3fb33e